 Dungeon Crawl Stone Soup version 0.30-a0-618-gd6c86c23d0 (webtiles) character file.

Game seed: 888248408279394579

853 Leeroy the Nimble (level 7, -2/28 HPs)
             Began as a Felid Transmuter on Jan 9, 2023.
             Was a Follower of Wu Jian.
             Slain by an iguana (12 damage)
             ... on level 6 of the Dungeon.
             The game lasted 00:09:44 (5273 turns).

Leeroy the Nimble (Felid Transmuter)                Turns: 5273, Time: 00:09:45

Health: -2/28      AC:  2    Str:  8    XL:     7   Next: 70%
Magic:  11/11      EV: 25    Int: 14    God:    Wu Jian [*.....]
Gold:   381        SH:  5    Dex: 17    Spells: 2/10 levels left
                                        Lives:  0   Deaths: 2

rFire   . . .      SeeInvis +      - Unarmed
rCold   . . .      Faith    .    (shield unavailable)
rNeg    . . .      Spirit   .    (body armour unavailable)
rPois   .          Reflect  +    (helmet unavailable)
rElec   .          Harm     .    (cloak unavailable)
rCorr   +          Rampage  .    (gloves unavailable)
Will    +....                    (boots unavailable)
Stlth   +++++                    i - amulet of reflection
HPRegen 0.24/turn                l - ring of flight
MPRegen 0.12/turn                o - ring of resist corrosion

@: lethally poisoned (-2 -> -6), flying, quick
A: very small, claws 1, fangs 3, see invisible, speed 1, shaggy fur 2, stealthy
paws, no weapons or thrown items, no armour, multi-lived
a: Renounce Religion


You were on level 6 of the Dungeon.
You worshipped Wu Jian.
Wu Jian was aware of your devotion.
You visited 2 branches of the dungeon, and saw 8 of its levels.

You collected 381 gold pieces.

Inventory:

Jewellery
 i - an amulet of reflection (around neck)
 l - a ring of flight (left paw)
 o - a ring of resist corrosion (right paw)
 t - a ring of magical power
 u - an amulet of faith
Wands
 v - a wand of quicksilver (16)
 B - a wand of roots (15)
Scrolls
 a - a scroll of acquirement {unknown}
 b - 3 scrolls of amnesia {unknown}
 d - 2 scrolls of enchant armour {unknown}
 f - a scroll of vulnerability {unknown}
 g - 3 scrolls of noise {unknown}
 h - 5 scrolls of identify {unknown}
 k - 2 scrolls of magic mapping {unknown}
 n - 2 scrolls of blinking {unknown}
 r - 7 scrolls of teleportation {unknown}
 s - a scroll of fog {unknown}
 x - a scroll of immolation {unknown}
 y - a scroll of brand weapon {unknown}
 z - a scroll of enchant weapon {unknown}
 C - a scroll of torment {unknown}
Potions
 c - 2 potions of brilliance {unknown}
 e - 2 potions of invisibility
 j - a potion of might {unknown}
 m - 3 potions of mutation {unknown}
 p - 2 potions of curing {unknown}
 q - 3 potions of heal wounds {unknown}
 w - a potion of magic {unknown}
 A - a potion of lignification


   Skills:
 - Level 1.0 Fighting
 + Level 11.4 Dodging
 * Level 10.1 Stealth
 - Level 5.0 Unarmed Combat
 - Level 2.0 Spellcasting
 - Level 2.1 Transmutations


You had 2 spell levels left.
You knew the following spells:

 Your Spells              Type           Power      Damage    Failure   Level
a - Beastly Appendage     Tmut           14%        N/A       10%         1
b - Wereblood             Tmut           7%         N/A       14%         2
c - Spider Form           Tmut/Pois      4%         N/A       41%         3
d - Scorch                Fire           2%         2d5       34%         2

Your spell library contained the following spells:

 Spells                   Type           Power      Damage    Failure   Level
 Frozen Ramparts          Ice            2%         1d1       56%         3
 Ozocubu's Armour         Ice            1%         N/A       56%         3
 Ice Form                 Ice/Tmut       4%         N/A       83%         4
 Flame Wave               Conj/Fire      1%         2d4       93%         4
 Summon Ice Beast         Ice/Summ       1%         N/A       93%         4
 Metabolic Englaciation   Hex/Ice        0%         N/A       100%        5
 Simulacrum               Ice/Necr       0%         N/A       100%        6
 Summon Cactus Giant      Summ           0%         N/A       100%        6


Dungeon Overview and Level Annotations

Branches:
Dungeon (8/15)             Temple (1/1) D:4
   Lair: D:8-11

Altars:
Ashenzari
Cheibriados
Dithmenos
Elyvilon
Fedhas
Gozag
Kikubaaqudgha
Makhleb
Okawaru
Qazlal
Ru
Trog
Uskayaw
Vehumet
Wu Jian
Xom
Zin
The Shining One

Annotations:
D:5 Grinder


Innate Abilities, Weirdness & Mutations

You have sharp claws.
You have razor-sharp teeth.
You have supernaturally acute eyesight. (SInv)
You cover ground quickly. (Speed+)
You are covered in thick fur. (AC +2)
Your paws help you pounce on unaware monsters.
You are incapable of wielding weapons or throwing items.
You cannot wear armour.
You gain extra lives every three experience levels.


Message History

The adder completely misses you. The adder bites you.
You barely miss the adder. The adder completely misses you.
You barely miss the iguana. Your claw misses the iguana. You bite the iguana.
The iguana is moderately wounded.
The iguana bites you but does no damage.
The adder closely misses you.
You scratch the iguana. You bite the iguana, but do no damage.
The iguana is heavily wounded.
The adder barely misses you. You block the iguana's attack.
You scratch the iguana but do no damage.
The iguana is heavily wounded.
The adder closely misses you. The iguana completely misses you.
You scratch the iguana.
The iguana is severely wounded.
The adder bites you.
You are poisoned.
The adder poisons you! The iguana barely misses you. The adder bites you.
You are more poisoned.
The adder poisons you!
You closely miss the iguana.
The iguana is severely wounded.
You feel very sick. You block the adder's attack. The iguana misses you.
You scratch the iguana but do no damage.
Your bite misses the iguana.
The iguana is severely wounded.
You feel sick. The adder misses you. The iguana completely misses you.
You are too injured to fight recklessly!
You are too injured to fight recklessly!
You are too injured to fight recklessly!
You barely miss the iguana.
The iguana is severely wounded.
You feel sick. You block the adder's attack.
You scratch the iguana. Your claw misses the iguana.
The iguana is severely wounded.
You feel sick. The iguana closely misses you. The adder misses you.
You spin and attack the iguana.
You barely miss the iguana.
The iguana is severely wounded.
You feel sick. The iguana bites you!
You die...

.... ..# .#.#.# ..#
.......... ..
..##....###.#
............#
#.........#
#..#....l.###
...#.......S@#.#
#............#.#
#.##........#
#.#.........#
###.#...#.....#
######.......#.###.#
....#........#.###.#
...................#
..........#.########


You could see an iguana and an adder.

Vanquished Creatures
  Pikel (D:4)
  Prince Ribbit (D:5)
  A steam dragon (D:6)
  Menkaure (D:4)
  Duvessa (D:6)
  2 ogres
  A centaur (D:5)
  2 lemures (D:4)
  Blork the orc (D:6)
  A necrophage (D:4)
  A bullfrog (D:5)
  2 scorpions
  Dowan (D:6)
  A howler monkey (D:5)
  4 hounds
  3 jellies
  Crazy Yiuf (D:5)
  An orc wizard (D:6)
  3 gnolls (D:4)
  An adder (D:2)
  A shadow imp (D:6)
  2 white imps (D:7)
  An ufetubus (D:5)
  3 worms
  4 dart slugs
  4 orcs (D:4)
  3 ball pythons
  4 endoplasms
  2 giant cockroaches
  4 goblins
  6 hobgoblins
  5 jackals
  6 quokkas
  3 bats
  A frilled lizard (D:2)
  5 kobolds
  6 rats (D:1)
90 creatures vanquished.

Notes
Turn   | Place    | Note
-------+----------+-------------------------------------------
     0 | D:1      | Leeroy the Felid Transmuter began the quest for the Orb.
     0 | D:1      | Reached XP level 1. HP: 9/9 MP: 4/4
   153 | D:1      | Reached XP level 2. HP: 8/12 MP: 6/6
   861 | D:1      | Reached XP level 3. HP: 11/15 MP: 7/7
  1176 | D:2      | Learned a level 2 spell: Wereblood
  1180 | D:2      | Learned a level 3 spell: Spider Form
  1216 | D:2      | Identified the +5 whip "Undertaker" {freeze, rC++ Str+4
                  | Stlth+}
  1580 | D:2      | Reached XP level 4. HP: 19/19 MP: 8/8
  1797 | D:2      | Reached skill level 5 in Unarmed Combat
  1889 | D:2      | You fall into a shaft and drop 2 floors!
  1962 | D:4      | Found a staircase to the Ecumenical Temple.
  1974 | Temple   | Entered the Ecumenical Temple
  1987 | Temple   | Became a worshipper of the Wu Jian Council
  2261 | D:4      | Reached skill level 3 in Dodging
  2261 | D:4      | Reached skill level 1 in Stealth
  2394 | D:4      | Noticed Menkaure
  2442 | D:5      | Entered Level 5 of the Dungeon
  2443 | D:5      | Noticed Pikel
  2443 | D:5      | Noticed a lemure
  2443 | D:5      | Noticed a lemure
  2446 | D:5      | Noticed a lemure
  2446 | D:5      | Noticed a lemure
  2447 | D:5      | Noticed an ogre
  2456 | D:4      | Reached XP level 5. HP: 22/22 MP: 9/9
  2466 | D:4      | Killed a lemure
  2608 | D:5      | Noticed Grinder
  2627 | D:4      | Reached skill level 4 in Dodging
  2794 | D:4      | Killed Menkaure
  2795 | D:4      | Reached skill level 5 in Dodging
  2795 | D:4      | Reached skill level 5 in Stealth
  2795 | D:4      | Gained mutation: You are covered in thick fur. (AC +2)
                  | [Felid growth]
  2795 | D:4      | Reached XP level 6. HP: 15/25 MP: 10/10
  3218 | D:5      | Paralysed by Grinder for 2 turns
  3298 | D:4      | HP: 1/25 [Pikel/+2 whip of electrocution (8)]
  3341 | D:4      | Killed Pikel
  3342 | D:4      | Reached skill level 7 in Dodging
  3342 | D:4      | Reached XP level 7. HP: 12/28 MP: 11/11
  3440 | D:5      | Reached skill level 8 in Dodging
  3514 | D:5      | Reached * piety under Wu Jian
  3515 | D:5      | Reached skill level 9 in Dodging
  3515 | D:5      | Reached XP level 8. HP: 13/32 MP: 12/12
  3693 | D:5      | Noticed Prince Ribbit
  3748 | D:5      | Found a runed translucent door.
  3749 | D:5      | Noticed Crazy Yiuf
  3757 | D:5      | Killed Crazy Yiuf
  4101 | D:5      | Killed Prince Ribbit
  4102 | D:5      | Reached skill level 10 in Dodging
  4483 | D:6      | HP: 1/48 [something (5)]
  4486 | D:6      | Slain by a water moccasin
  4487 | D:6      | Reached XP level 7. HP: -1/42 MP: 11/11
  4533 | D:6      | Slain by an ogre
  4534 | D:6      | Reached XP level 6. HP: -2/25 MP: 6/10
  4540 | D:6      | Noticed Blork the orc
  4552 | D:7      | Learned a level 2 spell: Scorch
  4629 | D:7      | Noticed a two-headed ogre
  4717 | D:7      | Noticed an orc warrior
  4920 | D:6      | Reached skill level 11 in Dodging
  4963 | D:6      | Killed Blork the orc
  4964 | D:6      | Reached XP level 7. HP: 28/28 MP: 11/11
  5132 | D:6      | Noticed Duvessa
  5151 | D:6      | Noticed Dowan
  5153 | D:6      | Killed Duvessa
  5155 | D:6      | Killed Dowan
  5227 | D:6      | Reached skill level 10 in Stealth
  5273 | D:6      | Slain by an iguana

Illustrated notes

Levels and vault maps discovered:
D:1:      tekkud_arrival_beachfront_property, layout_basic,
          hangedman_abyss_or_decor_lesser_grid, minmay_indecisive_spiral
D:2:      cheibrodos_greedy_goblins, layout_basic
D:4:      layout_loops_ring, minmay_temple_entry_stoned_glass,
          chequers_decorated_corner, uniq_menkaure
D:5:      layout_loops_ring, uniq_crazy_yiuf_cottage, uniq_prince_ribbit1,
          uniq_pikel, uniq_grinder
D:6:      layout_basic, uniq_blork_the_orc, uniq_duvessa
D:7:      layout_basic, minmay_crystal_room
D:8:      minmay_the_grid_triangle_9x9_rhombus_full
          [minmay_the_grid_triangle_9x9_negative_grid,
          minmay_the_grid_triangle_9x9_steps,
          minmay_the_grid_triangle_9x9_skeleton,
          minmay_the_grid_triangle_9x9_checkered,
          minmay_the_grid_triangle_9x9_tough_junction,
          minmay_the_grid_triangle_9x9_impossible_snake,
          minmay_the_grid_triangle_9x9_flanged_cone,
          minmay_the_grid_triangle_9x9_prize_schism], layout_rooms,
          minmay_misc_feat_encased, kennysheep_generic_room_9
Temple:   compressed_dpeg_circular_temple

Skill      XL: |  1  2  3  4  5  6  7  8 |
---------------+-------------------------+-----
Unarmed Combat | 4 5 |  5.0
Dodging        | 3 5 11 9 10 | 11.4
Stealth        | 2 5 9 10 8 | 10.1
Fighting       | |  1.0
Spellcasting   | |  2.0
Transmutations | |  2.1

Action                   |  1- 3 |  4- 6 |  7- 9 || total
-------------------------+-------+-------+-------++-------
Melee: Unarmed           |   129 |   123 |   106 ||   358
       Bite              |    10 |    19 |    14 ||    43
       Punch             |       |     6 |     7 ||    13
       Headbutt          |       |     4 |     2 ||     6
 Cast: Beastly Appendage |     1 |     2 |     1 ||     4
       Spider Form       |       |     2 |     2 ||     4
Invok: Lunge             |       |     7 |    13 ||    20
       Whirlwind         |       |     8 |     5 ||    13
  Use: Potion            |       |     2 |     1 ||     3
 Stab: Sleeping          |       |     4 |     5 ||     9
       Distracted        |       |       |     1 ||     1
Armor: Skin              |     3 |     7 |     4 ||    14
Dodge: Dodged            |   103 |    63 |    91 ||   257
Block: Other             |       |    19 |    22 ||    41

Table legend: (Time is in decaauts)
 A = Elapsed time spent in this place.
 B = Non-inter-level travel time spent in this place.
 C = Inter-level travel time spent in this place.
 D = Time resting spent in this place.
 E = Time spent auto-exploring this place.
 F = Levels seen in this place.
 G = Mean time per level.
                   A        B        C        D        E       F      G
               +--------+--------+--------+--------+--------+-----+--------+
         Total |   4567 |   4380 |    187 |    872 |   2518 |   8 |  570.9 |
       Dungeon |   4450 |   4293 |    157 |    872 |   2457 |   7 |  635.7 |
        Temple |    117 |     88 |     29 |      0 |     61 |   1 |  117.0 |
               +--------+--------+--------+--------+--------+-----+--------+

Top non-repeatable levels by time:
     D:4: 1414 daAuts
     D:1: 869 daAuts
     D:5: 740 daAuts
     D:2: 719 daAuts
     D:6: 555 daAuts
  Temple: 117 daAuts
     D:7: 101 daAuts
     D:8: 49 daAuts
